Map: 2000 Atmospheres LE

Players

ByuN - Winner!

  • Race: Terran Terran

uThermal

  • Race: Terran Terran

Event: IEM Katowice 2022

VOD

Have the link to the VOD?

Description

Time

  • Played on: Feb. 23, 2022, 10:48 a.m.
  • Length: 9:33

All games in this series

Show
View Real Time Build Order
Export as new Build Order

ByuN Terran - Winner!

Build Orders:  

Get SALT Encoding   

  12  0:00  SCV  
  13  0:12  SCV  
  14  0:17  Supply Depot  
  14  0:24  SCV  
  15  0:39  SCV, Barracks  
  16  0:43  Refinery  
  16  0:51  SCV  
  16  0:52  Refinery  
  17  1:03  SCV  
  18  1:15  SCV  
  19  1:26  Reaper  
  19  1:27  Orbital Command  
  19  1:28  Supply Depot  
  20  1:45  Factory  
  20  1:53  SCV  
  21  1:58  Reaper  
  22  2:05  SCV  
  23  2:17  SCV  
  23  2:22  Command Center  
  24  2:29  Hellion  
  26  2:30  SCV  
  26  2:34  Barracks Reactor  
  27  2:42  Starport  
  27  2:45  SCV  
  27  2:50  Widow Mine  
  30  2:55  Supply Depot  
  30  2:59  SCV  
  31  3:11  Factory Tech Lab  
  31  3:16  Marine x2  
  31  3:17  SCV  
  31  3:18  Medivac  
  36  3:29  SCV  
  40  3:34  Marine, Cyclone  
  40  3:35  Orbital Command  
  41  3:41  SCV  
  41  3:44  Refinery  
  41  3:46  Supply Depot  
  42  3:49  Starport Tech Lab  
  42  3:52  Marine  
  42  3:53  Marine  
  42  3:55  SCV  
  45  4:01  SCV  
  46  4:08  SCV  
  49  4:10  Marine  
  49  4:11  Marine  
  49  4:13  SCV, Raven  
  52  4:18  Siege Tank  
  52  4:21  SCV  
  56  4:25  SCV  
  52  4:32  Marine  
  52  4:33  SCV  
  52  4:37  SCV  
  48  4:44  Marine  
  48  4:45  SCV  
  50  4:47  Supply Depot  
  50  4:49  SCV  
  49  4:54  Siege Tank  
  49  4:57  SCV  
  53  5:02  SCV  
  53  5:03  Raven  
  56  5:09  Supply Depot, SCV  
  56  5:14  SCV, Marine  
  58  5:16  Marine  
  60  5:21  SCV  
  60  5:26  SCV, Siege Tank  
  65  5:31  Supply Depot  
  65  5:32  Marine  
  65  5:33  SCV  
  65  5:34  Marine  
  68  5:38  SCV  
  69  5:44  Command Center  
  69  5:45  SCV  
  70  5:50  SCV  
  70  5:56  Supply Depot  
  71  5:57  SCV, Refinery  
  71  6:01  Viking  
  71  6:02  SCV, Viking  
  71  6:03  Siege Tank  
  80  6:06  Stimpack, Marine  
  80  6:10  Supply Depot, SCV  
  82  6:14  SCV  
  83  6:24  Barracks  
  84  6:27  Barracks  
  84  6:28  Marine  
  84  6:31  SCV x2  
  86  6:34  Engineering Bay x2  
  88  6:43  Viking x2  
  88  6:44  SCV x2  
  92  6:49  Marine, Siege Tank  
  96  6:57  SCV x2  
  98  7:03  Terran Infantry Weapons Level 1, Terran Infantry Armor Level 1  
  98  7:08  Marine  
  98  7:12  Barracks Reactor  
  99  7:15  Barracks Reactor  
  99  7:18  Barracks  
  99  7:19  Barracks  
  99  7:21  Orbital Command, Siege Tank  
  100  7:24  SCV x2  
  101  7:33  Marine  
  101  7:36  SCV  
  101  7:37  SCV  
  98  7:41  Viking  
  100  7:47  SCV  
  100  7:48  SCV  
  100  7:49  SCV  
  100  7:51  Marine x3  
  103  7:53  Marine x2, Siege Tank  
  111  7:59  SCV  
  111  8:00  Medivac  
  111  8:01  SCV x2  
  111  8:05  Refinery  
  115  8:06  Refinery  
  115  8:11  SCV  
  111  8:13  SCV x2, Marine  
  111  8:14  Marine x3  
  116  8:20  Barracks Reactor x2  
  116  8:26  SCV  
  117  8:31  Armory  
  117  8:34  SCV x2, Siege Tank  
  122  8:35  Marine x4  
  122  8:39  Command Center  
  122  8:40  Marine  
  115  8:53  Marine x4  
  111  8:56  Marine x3  
  111  8:57  Marine  
  111  8:58  SCV x2, Marine  
  111  8:59  SCV  
  122  9:10  Supply Depot  
  122  9:11  Marine x4  
  122  9:12  Supply Depot  
  122  9:13  Sensor Tower  
  122  9:15  SCV x2  
Show
View Real Time Build Order
Export as new Build Order

uThermal Terran 

Build Orders:  

Get SALT Encoding   

  12  0:00  SCV  
  13  0:12  SCV  
  14  0:17  Supply Depot  
  14  0:24  SCV  
  15  0:38  SCV  
  15  0:40  Barracks  
  16  0:43  Refinery  
  16  0:50  SCV  
  16  0:53  Refinery  
  17  1:03  SCV  
  18  1:15  SCV  
  19  1:27  Reaper, Orbital Command  
  19  1:32  Supply Depot  
  20  1:43  Factory  
  20  1:53  SCV  
  21  1:59  Reaper  
  22  2:05  SCV  
  23  2:17  SCV  
  24  2:24  Command Center  
  24  2:29  Hellion  
  26  2:33  SCV  
  26  2:36  Barracks Reactor  
  27  2:45  SCV  
  27  2:46  Starport  
  28  2:51  Supply Depot  
  28  2:55  Widow Mine  
  28  2:58  SCV  
  31  3:12  Marine x2  
  31  3:13  SCV  
  31  3:17  Factory Tech Lab  
  34  3:24  Refinery, Medivac  
  34  3:25  SCV  
  37  3:30  Marine x2  
  39  3:36  Orbital Command  
  39  3:39  SCV  
  40  3:45  Cyclone  
  43  3:49  Marine  
  43  3:51  SCV  
  43  3:52  Marine  
  43  3:55  Starport Tech Lab  
  46  4:02  SCV  
  47  4:03  SCV  
  47  4:07  Supply Depot  
  47  4:08  Marine  
  47  4:09  Marine  
  49  4:14  Raven  
  52  4:20  SCV  
  48  4:26  Marine  
  48  4:27  Marine  
  48  4:28  Siege Tank  
  40  4:38  SCV  
  40  4:39  SCV  
  40  4:44  Marine  
  40  4:45  Marine  
  43  4:51  SCV x2  
  46  4:57  Raven  
  48  5:02  Marine  
  48  5:03  SCV x2, Marine, Siege Tank  
  55  5:11  Supply Depot  
  55  5:15  SCV x2  
  57  5:22  Marine x2  
  57  5:24  Command Center  
  57  5:27  SCV  
  60  5:29  SCV  
  60  5:31  Refinery  
  60  5:34  Supply Depot  
  61  5:36  Siege Tank  
  61  5:39  SCV  
  65  5:45  SCV  
  62  5:51  SCV, Viking x2  
  62  5:56  Marine  
  67  5:57  SCV  
  67  6:00  Stimpack  
  67  6:03  Supply Depot, SCV  
  69  6:08  Siege Tank  
  69  6:10  SCV  
  73  6:15  Marine  
  74  6:21  Viking x2  
  74  6:24  SCV  
  79  6:27  Supply Depot  
  79  6:28  SCV  
  80  6:33  Marine  
  80  6:36  SCV  
  82  6:40  SCV, Siege Tank  
  86  6:49  SCV  
  86  6:51  Viking x2  
  86  6:52  SCV  
  92  6:59  Barracks  
  92  7:00  Orbital Command  
  92  7:01  SCV, Marine, Barracks  
  93  7:08  SCV  
  95  7:12  Siege Tank  
  95  7:13  SCV  
  95  7:15  Supply Depot  
  99  7:21  Viking x2  
  99  7:22  SCV  
  104  7:25  SCV, Marine  
  104  7:26  SCV  
  106  7:34  SCV  
  100  7:41  SCV  
  95  7:45  Siege Tank  
  95  7:49  SCV x2  
  90  7:54  Viking x2  
  93  8:02  SCV  
  93  8:03  Marine  
  94  8:10  SCV x2  
  94  8:12  Barracks Reactor  
  92  8:14  SCV  
  92  8:17  Siege Tank  
  96  8:22  SCV  
  96  8:25  SCV  
  96  8:26  SCV, Marine  
  100  8:28  Barracks Reactor  
  100  8:33  Viking  
  100  8:34  SCV  
  100  8:36  Engineering Bay  
  100  8:37  Engineering Bay  
  100  8:38  SCV  
  100  8:39  SCV  
  103  8:44  Marine  
  99  8:54  Marine, Siege Tank  
  96  8:55  Marine  
  96  8:56  SCV x2  
  96  8:59  SCV, Refinery x2  
  96  9:01  Refinery  
  96  9:02  Marine  
  100  9:05  Marine x2  
  100  9:08  Supply Depot, SCV  
  100  9:09  Supply Depot, SCV  
  104  9:11  SCV  
  104  9:12  Marine  
  104  9:13  Marine  
  104  9:20  SCV  

Tags
 
Add a new tag
Caveats
  • Supply blocks, unpowered buildings, or Contaminate may cause inaccurate times.
  • Supply counts are checked every 10 seconds.